 Dungeon Crawl Stone Soup version 0.18.1-50-g88ac8fd (webtiles) character file.

816 Amnesiac the Prestidigitator (level 7, -3/40 HPs)
             Began as a Deep Elf Artificer on Feb 28, 2018.
             Was an Initiate of Gozag.
             Killed themself with a badly aimed iceblast (19 damage)
             ... on level 5 of the Dungeon.
             The game lasted 00:08:46 (6394 turns).

Amnesiac the Prestidigitator (Deep Elf Artificer)   Turns: 6394, Time: 00:08:46

Health: -3/40      AC: 11    Str: 10    XL:     7   Next: 62%
Magic:  16/16      EV: 11    Int: 17    God:    Gozag
Gold:   767        SH:  0    Dex: 15    Spells: 0 memorised, 6 levels left

rFire  . . .     SeeInvis .     a - +0 hunting sling
rCold  . . .     Gourm    .     t - +4 ring mail
rNeg   . . .     Faith    .     (no shield)
rPois  .         Spirit   .     (no helmet)
rElec  .         Dismiss  .     (no cloak)
rCorr  .         Reflect  .     s - +0 pair of gloves
SustAt .         Harm     .     v - +0 pair of boots
MR     .....                    (no amulet)
Stlth  +.........               (no ring)
                                (no ring)

@: gold aura, not resistant to hostile enchantments, very unstealthy
A: no striking features
a: Potion Petition, Call Merchant, Bribe Branch, Renounce Religion


You were on level 5 of the Dungeon.
You worshipped Gozag.
Gozag was noncommittal.
You were not hungry.

You visited 1 branch of the dungeon, and saw 6 of its levels.

You collected 776 gold pieces.
You paid 9 gold pieces to Gozag.

Inventory:

Hand Weapons
 a - a +0 hunting sling (weapon)
 b - the +2 war axe "Volojes" {freeze, +Blink rF+ Dex-3}
   (You found it on level 5 of the Dungeon)

   It has been specially enchanted to freeze those struck by it, causing extra
   injury to most foes and up to half again as much damage against particularly
   susceptible opponents.
   It can also slow down cold-blooded creatures.
   It affects your dexterity (-3).
   It protects you from fire.
   It lets you blink.
 C - a +0 dagger of chaos
Missiles
 k - 176 stones (quivered)
 r - 3 needles of confusion
 u - 8 javelins of returning
Armour
 s - a +0 pair of gloves (worn)
 t - a +4 ring mail (worn)
 v - a +0 pair of boots (worn)
 A - the +2 pair of boots "Fuocif" {Int+3 Dex+5, unknown}
   (You found it on level 5 of the Dungeon)

   It affects your intelligence (+3).
   It affects your dexterity (+5).
Jewellery
 i - an uncursed ring of fire
Wands
 c - a wand of flame (0/48)
 d - a wand of enslavement (12/24)
 e - a wand of random effects (3/48)
Scrolls
 f - a scroll of enchant weapon {!r, unknown}
 g - a scroll of teleportation {!r, unknown}
 h - 2 scrolls of blinking {!r, unknown}
 l - a scroll of enchant armour {!r, unknown}
 m - 7 scrolls of identify {!r, unknown}
 n - 3 scrolls of remove curse {!r, unknown}
 o - 3 scrolls of recharging {!r, unknown}
 p - 2 scrolls of random uselessness {!r, unknown}
 w - 2 scrolls of magic mapping {!r, unknown}
Potions
 j - a potion of brilliance {!q, unknown}
 z - a potion of lignification {!q, unknown}
Books
 y - a book of Summonings

   Spells                             Type                      Level
   a - Recall                         Summoning/Translocation      3
   b - Aura of Abjuration             Summoning                    5
   c - Summon Demon                   Summoning                    5
   d - Summon Forest                  Summoning/Translocation      5
   e - Summon Mana Viper              Hexes/Summoning              5
   f - Shadow Creatures               Summoning                    6
 B - a book of Minor Magic

   Spells                             Type                      Level
   a - Magic Dart                     Conjuration                  1
   b - Blink                          Translocation                2
   c - Call Imp                       Summoning                    2
   d - Repel Missiles                 Charms/Air                   2
   e - Slow                           Hexes                        2
   f - Conjure Flame                  Conjuration/Fire             3
   g - Mephitic Cloud                 Conjuration/Poison/Air       3
Comestibles
 x - 4 bread rations


   Skills:
 - Level 2.0 Fighting
 - Level 1.0 Short Blades
 - Level 2.4 Dodging
 - Level 1.2 Stealth
 + Level 9.6 Evocations


You had 6 spell levels left.
You didn't know any spells.

Dungeon Overview and Level Annotations

Branches:
Dungeon (6/15)             Temple (0/1) D:5

Altars:
Gozag
Makhleb
Nemelex Xobeh
Pakellas
Xom


Message History

Zapping:
e - a wand of random effects (5/48)
Press: ? - help, Shift-Dir - straight line, f/p - orc warrior
Aim: an orc warrior, wielding a great sword and wearing a plate armour The orc warrior evaporates and reforms as a big kobold!
This wand has 4 charges left.
Firing (i - inventory. (,) - cycle):
k - 183 stones (quivered)
Press: ? - help, Shift-Dir - straight line, f/p - big kobold
Aim: a big kobold You shoot a stone.
The stone barely misses the big kobold.
The big kobold picks up a great sword.
The big kobold wields a great sword.
Firing (i - inventory. (,) - cycle):
k - 182 stones (quivered)
Press: ? - help, Shift-Dir - straight line, f/p - big kobold
Aim: a big kobold, wielding a great sword You shoot a stone.
The stone closely misses the big kobold.
Firing (i - inventory. (,) - cycle):
k - 181 stones (quivered)
Press: ? - help, Shift-Dir - straight line, f/p - big kobold
Aim: a big kobold, wielding a great sword You shoot a stone.
The stone closely misses the big kobold.
Firing (i - inventory. (,) - cycle):
k - 180 stones (quivered)
Press: ? - help, Shift-Dir - straight line, f/p - big kobold
Aim: a big kobold, wielding a great sword You shoot a stone.
The stone hits the big kobold.
The big kobold is lightly wounded.
Firing (i - inventory. (,) - cycle):
k - 179 stones (quivered)
Press: ? - help, Shift-Dir - straight line, f/p - big kobold
Aim: a big kobold, wielding a great sword (lightly wounded)
You shoot a stone. The stone barely misses the big kobold.
The big kobold hits you with a great sword.
Firing (i - inventory. (,) - cycle):
k - 178 stones (quivered)
Press: ? - help, Shift-Dir - straight line, f/p - big kobold
Aim: a big kobold, wielding a great sword (lightly wounded)
You shoot a stone. The stone hits the big kobold.
The big kobold is lightly wounded.
The big kobold hits you with a great sword!
There is a stone staircase leading up here.
Firing (i - inventory. (,) - cycle):
k - 177 stones (quivered)
Press: ? - help, Shift-Dir - straight line, f/p - big kobold
Aim: a big kobold, wielding a great sword (lightly wounded)
You shoot a stone. The stone barely misses the big kobold.
The big kobold hits you with a great sword.
You climb upwards.
There is a stone staircase leading down here.
The big kobold hits you with a great sword!
* * * LOW HITPOINT WARNING * * *
You see here a glaive.
Evoke which item? (* to show all) (? for menu, Esc to quit)
Zapping:
e - a wand of random effects (4/48)
Press: ? - help, Shift-Dir - straight line, f - big kobold
Aim: a big kobold, wielding a great sword (lightly wounded)
The puff of flame hits the big kobold.
The big kobold is lightly wounded.
This wand has 3 charges left.
The big kobold misses you.
Evoke which item? (* to show all) (? for menu, Esc to quit)
Zapping:
e - a wand of random effects (3/48)
Press: ? - help, Shift-Dir - straight line, f/p - big kobold
Aim: a big kobold, wielding a great sword (lightly wounded)
The mass of ice explodes!
The iceblast engulfs the big kobold.
You kill the big kobold!
The orc warrior returns to its original shape as it dies.
The iceblast engulfs you!
You die...
Your body crumbles into a pile of gold.

#........##.#.#########.#
#......<.##...# ##'#
#.........#.### #..>
#...........##########...
#...........##.......#...
#...........##.......'...
#...........##.......#...
#...........##.......#...
#.......@$..#######'##...
#........)..# #.##...
########....#######.#####
#...>........#
#...########## #...#
#####


There were no monsters in sight!

Vanquished Creatures
  A phantom (D:4)
  An ogre (D:6)
  A big kobold (D:5)
  A water moccasin zombie (D:5)
  A scorpion (D:5)
  A crimson imp (D:3)
  An orc priest (D:6)
  A centaur skeleton (D:4)
  An orc wizard (D:4)
  4 worker ants
  10 adders
  2 oozes
  2 worms
  A dart slug (D:4)
  6 giant geckos
  8 orcs
  8 bats
  4 giant cockroaches
  6 goblins
  7 hobgoblins
  15 jackals
  2 quokkas
  5 giant newts
  7 kobolds
  11 rats
107 creatures vanquished.

Vanquished Creatures (collateral kills)
  A howler monkey (D:6)
  A crimson imp (D:5)
  An orc wizard (D:3)
  An adder (D:6)
  3 orcs
  A hobgoblin (D:3)
  A giant newt (D:3)
9 creatures vanquished.

Grand Total: 116 creatures vanquished

Notes
Turn   | Place    | Note
--------------------------------------------------------------
     0 | D:1      | Amnesiac the Deep Elf Artificer began the quest for the Orb.
     0 | D:1      | Reached XP level 1. HP: 11/11 MP: 5/5
   370 | D:2      | Reached skill level 4 in Evocations
   370 | D:2      | Reached XP level 2. HP: 10/16 MP: 7/7
   565 | D:2      | Found a sparkling altar of Nemelex Xobeh.
   565 | D:2      | Found an opulent altar of Gozag.
   591 | D:2      | Became a worshipper of Gozag Ym Sagoz the Greedy
  1098 | D:1      | Reached XP level 3. HP: 16/20 MP: 8/8
  1866 | D:2      | Reached skill level 5 in Evocations
  2390 | D:2      | Reached XP level 4. HP: 9/24 MP: 10/10
  3464 | D:3      | Reached skill level 6 in Evocations
  3487 | D:3      | Found a shimmering altar of Xom.
  3488 | D:3      | Found a burning altar of Makhleb.
  3546 | D:3      | Reached XP level 5. HP: 28/28 MP: 11/11
  4498 | D:4      | Reached skill level 7 in Evocations
  4520 | D:4      | Noticed a phantom
  4581 | D:4      | Killed a phantom
  4581 | D:4      | Reached XP level 6. HP: 20/33 MP: 13/13
  4699 | D:4      | Reached skill level 8 in Evocations
  5163 | D:5      | Entered Level 5 of the Dungeon
  5230 | D:5      | Found a staircase to the Ecumenical Temple.
  5231 | D:5      | Got a pair of spiked boots
  5533 | D:5      | Found an oddly glowing altar of Pakellas.
  5759 | D:5      | Reached XP level 7. HP: 34/37 MP: 15/15
  5775 | D:5      | Reached skill level 9 in Evocations
  5827 | D:5      | Reached skill level 1 in Fighting
  5928 | D:5      | Got a warped war axe
  5939 | D:5      | Identified the +2 war axe "Volojes" {freeze, +Blink rF+ Dex-3} (You found it on level 5 of the Dungeon)
  6394 | D:5      | Killed themself with a badly aimed iceblast

Skill      XL: |  1  2  3  4  5  6  7 |
---------------+----------------------+-----
Evocations     | 4 5 6 7 8 9 |  9.6
Fighting       | 2 |  2.0
Short Blades   | |  1.0
Dodging        | |  2.4
Stealth        | |  1.2

Action                   |  1- 3 |  4- 6 |  7- 9 || total
-------------------------+-------+-------+-------++-------
Melee: Short sword       |   228 |    49 |       ||   277
       Dagger            |       |    16 |       ||    16
       War axe           |       |       |    13 ||    13
 Fire: Hunting sling     |       |   338 |    63 ||   401
Throw: Javelin           |       |     8 |       ||     8
Evoke: Wand              |    11 |    13 |     6 ||    30
  Use: Potion            |       |     5 |       ||     5
 Stab: Sleeping          |     1 |       |       ||     1
  Eat: Meat ration       |     1 |     1 |       ||     2
       Bread ration      |     1 |       |     1 ||     2
       Fruit             |       |       |     3 ||     3
Armor: Leather armour    |     3 |       |       ||     3
       Ring mail         |   113 |   106 |    30 ||   249
Dodge: Dodged            |   167 |   150 |    46 ||   363
